 Dungeon Crawl Stone Soup version 0.18-a0-1105-ge9caa06 (webtiles) character file.

947 Reinor the Ruffian (level 7, -2/72 HPs)
             Began as a Troll Monk on Jan 16, 2016.
             Slain by an orc warrior
             ... wielding a +0 dire flail
              (12 damage)
             ... on level 6 of the Dungeon.
             The game lasted 00:14:03 (3556 turns).

Reinor the Ruffian (Troll Monk)                     Turns: 3556, Time: 00:14:03

Health: -2/72      AC:  5    Str: 20    XL:     7   Next: 89%
Magic:  6/6        EV: 12    Int:  6    God:
Gold:   167        SH:  0    Dex: 14    Spells: 0 memorised, 6 levels left

rFire  . . .     SeeInvis .       - Unarmed
rCold  . . .     Gourm    +     a - +0 robe
rNeg   . . .     Faith    .     (no shield)
rPois  +         Spirit   .     (helmet restricted)
rElec  .         Dismiss  .     (no cloak)
rCorr  .         Reflect  .     (gloves unavailable)
SustAt .         Harm     .     (boots unavailable)
MR     +....                    (no amulet)
Stlth  ++........               u - ring of poison resistance
                                i - ring of protection from magic

@: somewhat resistant to hostile enchantments, unstealthy
A: unfitting armour, claws 3, fast metabolism 3, gourmand, regeneration 2,
shaggy fur 1, tough skin 2
a: no special abilities


You were on level 6 of the Dungeon.
You were very full.

You visited 1 branch of the dungeon, and saw 6 of its levels.
You also visited: Sewer.

You collected 167 gold pieces.

Inventory:

Armour
 a - a +0 robe (worn)
Jewellery
 i - a ring of protection from magic (left claw)
 u - a ring of poison resistance (right claw)
 w - an uncursed amulet of dismissal
Scrolls
 e - 4 scrolls of remove curse
 f - 2 scrolls of teleportation
 l - a scroll of vulnerability {unknown}
 o - a scroll of fear
 p - 2 scrolls of amnesia
Potions
 c - 4 potions of curing
 d - 2 potions of cure mutation
 j - a potion of lignification {unknown}
 k - a potion of heal wounds
 n - 3 potions of flight
 q - a potion of invisibility {unknown}
 t - a potion of poison {unknown}
Comestibles
 b - 5 bread rations
 g - 4 beef jerkies
 h - a meat ration
 m - 3 slices of pizza
 r - 3 fruits
 z - 6 chunks of flesh


   Skills:
 + Level 5.6 Fighting
 - Level 5.1 Dodging
 - Level 1.1 Stealth
 - Level 5.6 Unarmed Combat


You had 6 spell levels left.
You didn't know any spells.

Dungeon Overview and Level Annotations

Branches:
Dungeon (6/15)
 Temple: D:4-7

Altars:
Makhleb
Sif Muna
Trog
Vehumet
Xom
Zin


Innate Abilities, Weirdness & Mutations

You are too large for most types of armour.
You have claws for hands.
Your metabolism is lightning-fast.
You like to eat raw meat.
You heal very quickly.
You are covered in fur (AC +1).
You have very tough skin (AC +2).


Message History

* * * LOW HITPOINT WARNING * * *
Unknown command.
You claw the orc warrior!
The orc warrior is heavily wounded.
The jackal bites you but does no damage.
The jackal closely misses you.
The jackal bites you but does no damage.
You scratch the orc warrior.
The orc warrior is heavily wounded.
The orc warrior closely misses you. The jackal closely misses you.
The jackal bites you but does no damage.
You barely miss the orc warrior.
The orc warrior is heavily wounded.
The jackal completely misses you. The jackal barely misses you.
The orc warrior barely misses you. The jackal barely misses you.
You scratch the orc warrior.
The orc warrior is heavily wounded.
The jackal closely misses you.
The orc warrior hits you with a dire flail!
You die...

....)........
#............
##.............
#...............
#...............
#...............
#...h)†.......
#..)@......## #
##.ho.......# ####
###........######...
###.......##......
##..............
##.........÷...
##.............
###..............
#................


You could see an orc warrior and 2 jackals.

Vanquished Creatures
  An ogre (D:5)
  A centaur (D:5)
  A big kobold (Sewer)
  2 scorpions (D:4)
  2 crimson imps
  A centaur zombie (D:5)
  2 hounds
  A centaur skeleton (D:6)
  5 orc priests
  An iguana (D:4)
  2 worker ants (D:4)
  5 adders
  2 river rats
  An ooze (D:4)
  An adder zombie (D:6)
  An adder skeleton (D:6)
  2 worms
  3 giant geckos (D:3)
  18 orcs
  6 bats
  6 giant cockroaches
  10 goblins
  3 hobgoblins
  11 jackals
  A quokka (D:3)
  3 ball pythons
  6 giant newts
  A jackal zombie (D:5)
  10 kobolds
  45 rats
154 creatures vanquished.

Notes
Turn   | Place    | Note
--------------------------------------------------------------
     0 | D:1      | Reinor the Troll Monk began the quest for the Orb.
     0 | D:1      | Reached XP level 1. HP: 22/22 MP: 0/0
   250 | D:1      | Reached XP level 2. HP: 29/29 MP: 1/1
   833 | D:2      | Reached skill level 5 in Unarmed Combat
   833 | D:2      | Reached XP level 3. HP: 34/36 MP: 2/2
   873 | D:2      | Found a burning altar of Makhleb.
   884 | D:2      | Reached XP level 4. HP: 31/44 MP: 3/3
  1654 | D:3      | Reached XP level 5. HP: 26/50 MP: 4/4
  2159 | D:4      | Reached XP level 6. HP: 38/59 MP: 5/5
  2256 | D:4      | Reached skill level 5 in Dodging
  2585 | D:4      | Found a deep blue altar of Sif Muna.
  2649 | D:5      | Entered Level 5 of the Dungeon
  2737 | D:5      | Found a glowing drain.
  2766 | D:5      | Reached XP level 7. HP: 31/68 MP: 6/6
  2834 | Sewer    | Entered a sewer
  2949 | Sewer    | Found a white marble altar of Elyvilon.
  3103 | D:5      | Found a bloodstained altar of Trog.
  3156 | D:5      | Found a shimmering altar of Xom.
  3269 | D:5      | Reached skill level 5 in Fighting
  3291 | D:5      | Found a glowing silver altar of Zin.
  3354 | D:6      | Found a radiant altar of Vehumet.
  3556 | D:6      | Slain by an orc warrior

Vault maps used:
D:1:      lemuel_arrival_muddy
D:2:      makhleb_heckhound_becter, minmay_rats_cheesy_pizza
D:3:      first_bread
D:4:      led_sif_pool
D:5:      lemuel_round_altar, kennysheep_little_box, portal_sewer_entry_a,
          bloody_trog
D:6:      lemuel_crystal_altar, minmay_temple_entry_butterflies
Sewer:    sewer_kobolds

Action                   |  1- 3 |  4- 6 |  7- 9 || total
-------------------------+-------+-------+-------++-------
Melee: Unarmed           |    66 |   216 |   115 ||   397
  Use: Scroll            |       |     7 |     5 ||    12
       Potion            |       |       |     1 ||     1
 Stab: Sleeping          |     3 |     3 |     1 ||     7
  Eat: Chunk             |    13 |    15 |    10 ||    38
